 Dungeon Crawl Stone Soup version 0.22.0-16-gc6d26f6 (webtiles) character file.

6682 Azzok the Cleaver (level 10, -2/96 HPs)
             Began as a Deep Dwarf Fighter on Aug 17, 2018.
             Was an Initiate of Makhleb.
             Slain by a yak (8 damage)
             ... on level 10 of the Dungeon.
             The game lasted 00:17:51 (6793 turns).

Azzok the Cleaver (Deep Dwarf Fighter)              Turns: 6793, Time: 00:17:51

Health: -2/96      AC: 13    Str: 23    XL:     10   Next: 73%
Magic:  10/10      EV:  4    Int:  9    God:    Makhleb [......]
Gold:   150        SH: 10    Dex: 15    Spells: 9/9 levels left

rFire    . . .     SeeInvis .   q - +0 broad axe (chop)
rCold    . . .     Gourm    .   p - +0 shield
rNeg     . . .     Faith    .   A - +0 plate armour
rPois    +         Spirit   .   (no helmet)
rElec    .         Reflect  .   (no cloak)
rCorr    .         Harm     .   x - +1 pair of gloves
MR       +....                  (no boots)
Stlth    ..........             g - amulet of rage
HPRegen  0.00/turn              o - ring of poison resistance
MPRegen  0.12/turn              u - +3 ring of dexterity

@: starving, non-regenerating
A: damage resistance, heal wounds, sense surroundings 2, no regeneration
a: Heal Wounds, Renounce Religion, Evoke Berserk Rage


You were on level 10 of the Dungeon.
You worshipped Makhleb.
Makhleb was noncommittal.
You were starving.

You visited 2 branches of the dungeon, and saw 11 of its levels.

You collected 518 gold pieces.
You spent 368 gold pieces at shops.

Inventory:

Hand Weapons
 q - a +0 broad axe of chopping (weapon)
 s - a +0 whip of flaming
 z - a +0 battleaxe
Armour
 p - a +0 shield (worn)
 x - a +1 pair of gloves (worn)
 A - a +0 plate armour (worn)
Jewellery
 g - an amulet of rage (around neck)
 h - an uncursed ring of see invisible
 o - a ring of poison resistance (left hand)
 u - a +3 ring of dexterity (right hand)
Wands
 c - a wand of enslavement (18)
 w - a wand of flame (20)
 H - a wand of disintegration (12)
Scrolls
 a - a scroll of blinking
 d - 2 scrolls of fear
 m - a scroll of magic mapping
 r - 2 scrolls of remove curse
 t - 3 scrolls of identify
 v - 2 scrolls of enchant weapon {unknown}
 y - a scroll of enchant armour
 B - a scroll of teleportation
 C - a scroll of fog {unknown}
Potions
 b - 2 potions of heal wounds
 e - 3 potions of flight
 i - a potion of resistance
 j - a potion of brilliance
 k - 4 potions of curing
 l - 3 potions of cancellation
 n - 3 potions of lignification
 D - 2 potions of haste {unknown}
 E - 3 potions of degeneration {unknown}
 F - a potion of mutation {unknown}
Comestibles
 f - 19 rations


   Skills:
 + Level 7.7 Fighting
 + Level 12.3 Axes
 - Level 3.2 Armour
 - Level 3.2 Shields
 + Level 11.4 Evocations


You had 9 spell levels left.
You didn't know any spells.
Your spell library contained the following spells:

 Spells                   Type           Power        Failure   Level  Hunger
 Magic Dart               Conj           #...         100%        1    ##.....
 Conjure Flame            Conj/Fire      #.......     100%        3    ####...
 Slow                     Hex            #.......     100%        2    ###....
 Mephitic Cloud           Conj/Pois/Air  #.......     100%        3    ####...
 Blink                    Tloc           N/A          100%        2    ###....
 Call Imp                 Summ           #.......     100%        2    ###....


Dungeon Overview and Level Annotations

Branches:
Dungeon (10/15)            Temple (1/1) D:7            Lair (0/6) D:9
    Orc: D:9-12

Altars:
Ashenzari
Dithmenos
Elyvilon
Gozag
Kikubaaqudgha
Makhleb
Nemelex Xobeh
Okawaru
Qazlal
Ru
Sif Muna
Trog
Uskayaw
Vehumet
Wu Jian
Xom
Yredelemnul
Zin

Shops:
D:9 [[(?


Innate Abilities, Weirdness & Mutations

You are resistant to damage.
You can heal yourself by infusing magical energy.
You passively map the area around you.
You do not regenerate.


Message History

You hit the yak but do no damage. The yak gores you!
* * * LOW HITPOINT WARNING * * *
You hit the yak.
The yak is lightly wounded.
You block the yak's attack.
You slash the yak!
The yak is heavily wounded.
The yak gores you but does no damage. The yak gores you.
* * * LOW HITPOINT WARNING * * *
You closely miss the yak.
The yak is heavily wounded.
You block the yak's attack.
You hit the yak.
The yak is severely wounded.
You block the yak's attack.
You closely miss the yak.
The yak is severely wounded.
You recover from your berserk rage.
The yak gores you!
You die...

▒·▒▒▒▒▒···◦◦
░ ▒·▒ ◦◦ ◦
▒o▒ ░ ▒o▒ ◦
░ ▒o▒ ░ ◦
▒o▒ ◦ ▒o▒ ░
░ ▒Y▒ ░ ░◦
▒@▒ ▒·▒ ░
▒·▒ ░ ◦░ ░
▒·▒ ░ ◦░ ▒·▒
▒··▒ ░◦ ▒·▒
▒··▒ ▒·▒
▒··▒ ░··▒
▒·▒ ▒··▒
▒··▒ ▒·▒
▒··▒ ▒··▒


You could see a yak and 5 orcs.

Vanquished Creatures
  A two-headed ogre (D:8)
  Pikel (D:5)
  Joseph (D:9)
  2 hippogriffs
  Sigmund (D:3)
  5 yaks (D:10)
  2 water moccasins
  2 orc warriors
  3 sky beasts
  A slave (D:5)
  3 ice beasts
  5 ogres
  5 phantoms
  3 centaurs
  3 bullfrogs
  A wyvern zombie (D:8)
  2 scorpions
  3 howler monkeys
  4 crimson imps
  A bullfrog zombie (D:6)
  A jelly (D:3)
  A bullfrog skeleton (D:9)
  7 orc wizards
  2 centaur skeletons (D:5)
  5 orc priests
  8 hounds
  3 iguanas
  9 worker ants
  A killer bee zombie (D:10)
  3 hound skeletons
  3 worker ant zombies
  4 gnolls (D:4)
  8 adders
  An ooze (D:4)
  5 worms
  3 adder skeletons
  3 dart slugs
  A leopard gecko (D:2)
  34 orcs
  6 giant cockroaches
  7 goblins
  11 hobgoblins
  14 jackals
  8 kobolds
  4 quokkas
  3 ball pythons
  3 bats
  9 frilled lizards
  A leopard gecko zombie (D:6)
  5 rats
222 creatures vanquished.

Notes
Turn   | Place    | Note
-------+----------+-------------------------------------------
     0 | D:1      | Azzok the Deep Dwarf Fighter began the quest for the Orb.
     0 | D:1      | Reached XP level 1. HP: 20/20 MP: 1/1
   184 | D:1      | Reached skill level 3 in Axes
   188 | D:1      | Reached XP level 2. HP: 25/27 MP: 2/2
   494 | D:2      | Reached XP level 3. HP: 27/33 MP: 3/3
   500 | D:2      | Reached skill level 4 in Axes
   742 | D:2      | Reached XP level 4. HP: 31/40 MP: 4/4
   770 | D:2      | Reached skill level 5 in Axes
   812 | D:2      | Found a faded altar of an unknown god.
  1018 | D:3      | Noticed Sigmund
  1240 | D:3      | Reached XP level 5. HP: 18/46 MP: 4/4
  1246 | D:3      | Reached skill level 6 in Axes
  1319 | D:3      | Killed Sigmund
  1319 | D:3      | Reached skill level 7 in Axes
  1319 | D:3      | Reached XP level 6. HP: 43/55 MP: 5/5
  1373 | D:3      | Found a stormy altar of Qazlal.
  1373 | D:3      | Found a shattered altar of Ashenzari.
  1676 | D:3      | HP: 2/55 [orc priest/nerve-wracking pain (7)]
  1853 | D:4      | Reached skill level 8 in Axes
  1874 | D:4      | Reached skill level 1 in Evocations
  1890 | D:4      | Reached XP level 7. HP: 11/61 MP: 5/7
  2232 | D:4      | Found an iron altar of Okawaru.
  2535 | D:5      | Entered Level 5 of the Dungeon
  2551 | D:5      | HP: 2/61 [ice beast (7)]
  2562 | D:5      | Reached skill level 9 in Axes
  2583 | D:5      | Reached skill level 5 in Evocations
  2608 | D:5      | Reached XP level 8. HP: 35/68 MP: 4/6
  2745 | D:5      | Noticed Pikel
  2786 | D:5      | Killed Pikel
  2815 | D:5      | Reached skill level 10 in Axes
  2869 | D:5      | Found a sacrificial altar of Ru.
  3249 | D:6      | Gained mutation: You passively map the area around you. [Deep Dwarf growth]
  3249 | D:6      | Reached XP level 9. HP: 56/79 MP: 8/8
  3880 | D:6      | Reached skill level 5 in Fighting
  4151 | D:7      | Found an ornate altar of the Wu Jian Council.
  4173 | D:8      | Reached skill level 11 in Axes
  4241 | D:8      | Noticed a two-headed ogre
  4295 | D:8      | Killed a two-headed ogre
  4295 | D:8      | Reached skill level 10 in Evocations
  4295 | D:8      | Reached XP level 10. HP: 81/92 MP: 10/10
  4319 | D:8      | Found a radiant altar of Vehumet.
  5190 | D:7      | Found a staircase to the Ecumenical Temple.
  5208 | Temple   | Entered the Ecumenical Temple
  5361 | Temple   | Became a worshipper of Makhleb the Destroyer
  5733 | D:9      | Found Deneboeh's Magic Scroll Shoppe.
  5747 | D:9      | Bought a scroll of noise for 11 gold pieces
  5753 | D:9      | Bought a scroll of brand weapon for 220 gold pieces
  5753 | D:9      | Bought a scroll of identify for 22 gold pieces
  5753 | D:9      | Bought a scroll of enchant armour for 82 gold pieces
  5753 | D:9      | Bought a scroll of teleportation for 33 gold pieces
  5928 | D:9      | Found an opulent altar of Gozag.
  5936 | D:9      | Found Hostraoc's Weapon Boutique.
  6078 | D:9      | Found Zeodgh's Antique Armour Boutique.
  6113 | D:9      | Noticed Joseph
  6129 | D:9      | Killed Joseph
  6132 | D:9      | Found a staircase to the Lair.
  6177 | D:9      | Found Larulout's Antique Armour Shop.
  6351 | D:9      | Reached skill level 12 in Axes
  6668 | D:10     | Entered Level 10 of the Dungeon
  6793 | D:10     | Slain by a yak

Skill      XL: |  1  2  3  4  5  6  7  8  9 10 |
---------------+-------------------------------+-----
Axes           | 3 4 5 7 8 9 10 11 12 | 12.3
Evocations     | 1 5 7 10 11 | 11.4
Fighting       | 4 6 7 |  7.7
Armour         | |  3.2
Shields        | |  3.2

Action                   |  1- 3 |  4- 6 |  7- 9 | 10-12 || total
-------------------------+-------+-------+-------+-------++-------
Melee: War axe           |    91 |   211 |    49 |       ||   351
       Broad axe         |       |       |   306 |   145 ||   451
       Battleaxe         |       |       |       |    43 ||    43
 Abil: Heal Wounds       |       |     3 |    22 |     2 ||    27
       Evoke Berserk Rag |       |       |     1 |     4 ||     5
Evoke: Wand              |       |       |       |     4 ||     4
  Use: Scroll            |       |       |     9 |     4 ||    13
       Potion            |       |       |     1 |       ||     1
  Eat: Chunk             |       |     4 |     8 |     7 ||    19
       Ration            |       |       |       |     1 ||     1
Armor: Scale mail        |    53 |   104 |    69 |       ||   226
       Chain mail        |       |       |    97 |    12 ||   109
       Plate armour      |       |       |       |    76 ||    76
Dodge: Dodged            |    64 |   107 |   171 |    35 ||   377
Block: Shield            |       |       |       |    38 ||    38
